 Dungeon Crawl Stone Soup version 0.25-a0-975-gcae8493d64 (webtiles) character file.

Game seed: 1200361912947240840, levelgen mode: deterministic

140 Flugslaktarn the Skirmisher (level 5, -1/47 HPs)
             Began as a Minotaur Fighter on May 9, 2020.
             Killed by divine providence
             ... invoked by an orc priest
              (11 damage)
             ... on level 3 of the Dungeon.
             The game lasted 00:00:44 (1126 turns).

Flugslaktarn the Skirmisher (Minotaur Fighter)      Turns: 1126, Time: 00:00:45

Health: -1/47      AC:  9    Str: 21    XL:     5   Next: 2%
Magic:  4/4        EV:  5    Int:  5    God:
Gold:   44         SH:  9    Dex: 10    Spells: 4/4 levels left

rFire    . . .     SeeInvis .   a - +0 war axe
rCold    . . .     Gourm    .   c - +0 kite shield
rNeg     . . .     Faith    .   l - +0 chain mail
rPois    .         Spirit   .   (helmet restricted)
rElec    .         Reflect  .   m - scarf {repulsion}
rCorr    .         Harm     .   (no gloves)
MR       .....                  (no boots)
Stlth    ..........             (no amulet)
HPRegen  0.15/turn              (no ring)
MPRegen  0.09/turn              (no ring)

@: stab, repel missiles
A: retaliatory headbutt, horns 2
a: no special abilities


You were on level 3 of the Dungeon.
You were not hungry.

You visited 1 branch of the dungeon, and saw 3 of its levels.

You collected 44 gold pieces.

Inventory:

Hand Weapons
 a - a +0 war axe (weapon)
Armour
 c - a +0 kite shield (worn)
 l - a +0 chain mail (worn)
   (You found it on level 2 of the Dungeon)
 m - a scarf of repulsion (worn)
   (You found it on level 3 of the Dungeon)
Scrolls
 g - a scroll of remove curse {unknown}
 j - 3 scrolls of magic mapping {unknown}
 k - a scroll of identify {unknown}
Potions
 d - a potion of might
 h - a potion of resistance {unknown}
 i - a potion of heal wounds {unknown}
Comestibles
 e - 3 rations
 f - 9 chunks of flesh


   Skills:
 + Level 4.5 Fighting
 * Level 4.4 Axes
 + Level 4.4 Armour
 + Level 4.4 Shields


You had 4 spell levels left.
You didn't know any spells.
Your spell library was empty.

Dungeon Overview and Level Annotations

Branches:
Dungeon (3/15)

Altars:


Innate Abilities, Weirdness & Mutations

You reflexively headbutt those who attack you in melee.
You have a pair of horns on your head.


Message History

The orc priest calls down the wrath of Beogh upon you.
Beogh smites you! The orc hits you but does no damage.
Your shield and chain mail prevent you from hitting the orc priest.
You headbutt the orc priest, but do no damage.
The orc priest is severely wounded.
You hit the orc. You closely miss the orc. The orc priest barely misses you.
The orc hits you but does no damage. You block the orc's attack.
The orc priest mumbles some strange prayers to Beogh against you.
Beogh smites you!
* * * LOW HITPOINT WARNING * * *
The orc priest barely misses you. You furiously retaliate!
You headbutt the orc priest, but do no damage.
The orc barely misses you. The orc hits you with a +0 dagger.
* * * LOW HITPOINT WARNING * * *
You are too injured to fight recklessly!
It was a potion of stabbing.
You feel ready to backstab.
The orc priest invokes the aid of Beogh against you.
Beogh smites you!
You die...

.#
#...|....#################
.#
..........................
..
#######################.##
#.# #.# ####### #.#
......s #.#
......o##############.#
.....oo@..........รท...#
....)oo################
....... ....... #######


You could see 2 orc priests, 3 orcs and a giant cockroach.

Vanquished Creatures
  2 orc wizards
  An adder (D:2)
  An ooze (D:2)
  3 dart slugs
  A leopard gecko (D:2)
  13 orcs (D:3)
  5 bats
  A giant cockroach (D:1)
  3 goblins (D:1)
  9 hobgoblins
  3 kobolds
  A quokka (D:3)
  2 ball pythons
  3 frilled lizards
  3 rats
51 creatures vanquished.

Notes
Turn   | Place    | Note
-------+----------+-------------------------------------------
     0 | D:1      | Flugslaktarn the Minotaur Fighter began the quest for the
                  | Orb.
     0 | D:1      | Reached XP level 1. HP: 19/19 MP: 0/0
    30 | D:1      | Reached XP level 2. HP: 25/27 MP: 1/1
   376 | D:2      | Reached XP level 3. HP: 25/33 MP: 2/2
   760 | D:3      | Reached XP level 4. HP: 27/40 MP: 3/3
  1060 | D:3      | Reached XP level 5. HP: 45/47 MP: 4/4
  1126 | D:3      | Killed from afar by an orc priest

Illustrated notes

Levels and vault maps discovered:
D:1:      roderic_chinese_lattice_arrival, layout_basic, minmay_tripent
D:2:      layout_basic, chequers_ecumenical_altar_simple_redux, glass_columns_a
D:3:      layout_basic, eat_drink_and_be_merry_uskayaw, minmay_misc_feat_chi

Skill      XL: |  1  2  3  4 |
---------------+-------------+-----
Axes           | 3 4 |  4.4
Armour         | 4 |  4.4
Fighting       | 4 |  4.5
Shields        | 4 |  4.4

Action                   |  1- 3 |  4- 6 || total
-------------------------+-------+-------++-------
Melee: War axe           |    74 |    29 ||   103
       Headbutt          |     9 |     6 ||    15
  Use: Potion            |       |     1 ||     1
  Eat: Chunk             |       |     1 ||     1
Armor: Scale mail        |    29 |       ||    29
       Chain mail        |     8 |    15 ||    23
Dodge: Dodged            |    35 |     8 ||    43
Block: Kite shield       |    53 |    16 ||    69

Table legend:
 A = Non-vault XP
 B = Vault XP
 C = Vault XP percentage of total XP
 D = Non-vault monster count
 E = Vault monster count
 F = Vault count percentage of total count
                 A         B        C        D         E       F
            +---------+---------+-------+---------+---------+-------
      Total |     201 |       0 |   0.0 |      51 |       0 |   0.0
            +---------+---------+-------+---------+---------+-------
        D:1 |      35 |       0 |   0.0 |      18 |       0 |   0.0
        D:2 |      74 |       0 |   0.0 |      13 |       0 |   0.0
        D:3 |      92 |       0 |   0.0 |      20 |       0 |   0.0
            +---------+---------+-------+---------+---------+-------
